 Dungeon Crawl Stone Soup version 0.32-a0-666-ge8a88695a4 (webtiles) character file.

Game seed: 160603163758618135

12450 jasper the Cleaver (level 11, -3/99 HPs)
             Began as a Ghoul Fighter on Mar 9, 2024.
             Was a Believer of Makhleb.
             Slain by a 16-headed hydra (5 damage)
             ... on level 2 of the Lair of Beasts.
             The game lasted 00:15:54 (11737 turns).

jasper the Cleaver (Ghoul Fighter)                 Turns: 11737, Time: 00:15:55

Health: -3/99      AC: 24    Str: 31    XL:     11   Next: 93%
Magic:  11/11      EV:  7    Int:  7    God:    Makhleb [**....]
Gold:   292        SH:  9    Dex:  8    Spells: 10/10 levels left

rFire   + . .        a - +1 war axe
rCold   + . .        k - +0 kite shield
rNeg    + + +        y - +0 plate armour
rPois   ∞            D - +2 helmet
rElec   .            n - +2 cloak
rCorr   .            C - +0 pair of gloves
SInv    .            V - +1 pair of boots
Will    .....        S - amulet of regeneration Stlth
                     G - ring of protection from fire
HPRegen 0.00/turn    q - +6 ring of strength
MPRegen 0.12/turn

%: no passive effects
@: inhibited regen
A: claws 1, cold resistance 1, negative energy resistance 3, inhibited
regeneration, torment resistance 2, devour on kill
a: Renounce Religion, Minor Destruction


You were on level 2 of the Lair of Beasts.
You worshipped Makhleb.
Makhleb was pleased with you.
You visited 3 branches of the dungeon, and saw 14 of its levels.

You collected 577 gold pieces.
You spent 285 gold pieces at shops.

Inventory:

Hand Weapons
 a - a +1 war axe (weapon)
 Q - a +0 trident
Missiles
 d - 2 atropa-tipped darts
 f - 14 boomerangs (quivered)
 g - 81 stones
 p - 39 poisoned darts
 A - 2 throwing nets
Armour
 b - a +0 scale mail
 c - a +1 buckler
 e - a +0 chain mail
 k - a +0 kite shield (worn)
 n - a +2 cloak (worn)
 y - a +0 plate armour (worn)
 C - a +0 pair of gloves (worn)
 D - a +2 helmet (worn)
 V - a +1 pair of boots (worn)
Jewellery
 h - a ring of flight
 o - a ring of see invisible
 q - a +6 ring of strength (right hand)
 v - a +6 ring of intelligence
 z - a ring of magical power
 G - a ring of protection from fire (left hand)
 J - an amulet of guardian spirit
 K - a ring of fire
 O - a ring of fire
 S - an amulet of regeneration (around neck)
 T - a ring of willpower
Wands
 E - a wand of charming (1)
 H - a wand of flame (7)
 L - a wand of polymorph (6)
 P - a wand of mindburst (7)
 W - a wand of light (2)
Scrolls
 r - a scroll of amnesia
 t - a scroll of enchant weapon
 x - 4 scrolls of blinking
 F - 3 scrolls of immolation
 I - a scroll of fear
 M - 2 scrolls of teleportation
 N - a scroll of revelation
 U - a scroll of identify
Potions
 i - 2 potions of curing
 j - a potion of haste
 l - 3 potions of lignification
 m - 2 potions of cancellation
 s - a potion of ambrosia
 u - 2 potions of brilliance
 w - 2 potions of berserk rage
 B - a potion of attraction
 R - 2 potions of heal wounds {unknown}


   Skills:
 + Level 9.9 Fighting
 * Level 11.1 Axes
 + Level 8.3 Armour
 + Level 8.1 Shields


You had 10 spell levels left.
You didn't know any spells.
Your spell library contained the following spells:

 Spells                   Type           Power      Damage    Failure   Level
 Apportation              Tloc           0%         N/A       99%         1
 Slow                     Hex            0%         N/A       99%         1
 Ensorcelled Hibernation  Hex/Ice        0%         N/A       100%        2
 Jinxbite                 Hex            0%         N/A       100%        2
 Lesser Beckoning         Tloc           0%         N/A       100%        2
 Ozocubu's Armour         Ice            0%         N/A       100%        3
 Anguish                  Hex/Necr       0%         N/A       100%        4
 Animate Armour           Summ/Erth      0%         N/A       100%        4
 Animate Dead             Necr           0%         N/A       100%        4
 Cause Fear               Hex            0%         N/A       100%        4
 Summon Lightning Spire   Summ/Air       0%         N/A       100%        4
 Alistair's Intoxication  Alch           0%         N/A       100%        5
 Borgnjor's Vile Clutch   Necr/Erth      0%         N/A       100%        5
 Lee's Rapid Deconstruct  Erth           0%         3d4*      100%        5
 Metabolic Englaciation   Hex/Ice        0%         N/A       100%        5
 Death Channel            Necr           0%         N/A       100%        6
 Sculpt Simulacrum        Ice/Alch       0%         N/A       100%        6
 Enfeeble                 Hex            0%         N/A       100%        7


Dungeon Overview and Level Annotations

Branches:
Dungeon (11/15)            Temple (1/1) D:7            Lair (2/5) D:10
 Spider (0/4) Lair:2          Orc (0/2) D:11
  Swamp: Lair:2-3    Shoals: Lair:2-3

Altars:
Ashenzari
Cheibriados
Dithmenos
Fedhas
Gozag
Hepliaklqana
Kikubaaqudgha
Makhleb
Nemelex Xobeh
Okawaru
Qazlal
Ru
Sif Muna
Trog
Uskayaw
Vehumet
Wu Jian
Xom
Yredelemnul

Shops:
D:3 [   D:7 *

Annotations:
Lair:1 1 runed translucent door


Innate Abilities, Weirdness & Mutations

You are immune to poison.
You have sharp fingernails.
Your flesh is cold resistant. (rC+)
You are immune to negative energy. (rN+++)
You do not regenerate when monsters are visible.
You are immune to unholy pain and torment.
You thrive by killing the living.


Message History

You block the 13-headed hydra's attack. The 13-headed hydra bites you!
* * * LOW HITPOINT WARNING * * *
The 13-headed hydra bites you but does no damage. x2
The 13-headed hydra bites you.
* * * LOW HITPOINT WARNING * * *
The 13-headed hydra bites you but does no damage.
You block the 13-headed hydra's attack.
The 13-headed hydra bites you but does no damage.
You block the 13-headed hydra's attack.
The 13-headed hydra bites you but does no damage. x2
You chop one of the 13-headed hydra's heads off!
The 12-headed hydra grows two more!
You slash the 14-headed hydra!
The 14-headed hydra is moderately wounded.
The 14-headed hydra closely misses you. You block the 14-headed hydra's attack.
The 14-headed hydra bites you but does no damage. x3
The 14-headed hydra bites you!
* * * LOW HITPOINT WARNING * * *
The 14-headed hydra bites you but does no damage. x3
The 14-headed hydra barely misses you.
The 14-headed hydra bites you but does no damage. x4
You chop one of the 14-headed hydra's heads off!
The 13-headed hydra grows two more!
You slice the 15-headed hydra!!
The 15-headed hydra is heavily wounded.
The 15-headed hydra closely misses you. You block the 15-headed hydra's attack.
The 15-headed hydra bites you but does no damage. x2
You block the 15-headed hydra's attack.
The 15-headed hydra bites you but does no damage. x2
You block the 15-headed hydra's attack.
The 15-headed hydra bites you but does no damage.
The 15-headed hydra barely misses you.
The 15-headed hydra bites you but does no damage.
The 15-headed hydra barely misses you.
The 15-headed hydra bites you but does no damage. x3
You chop one of the 15-headed hydra's heads off!
The 14-headed hydra grows two more!
You slice the 16-headed hydra!!
The 16-headed hydra is severely wounded.
The 16-headed hydra barely misses you. You block the 16-headed hydra's attack.
The 16-headed hydra bites you but does no damage. x2
You block the 16-headed hydra's attack. x2; The 16-headed hydra bites you.
You die...

#######.....#.#.#....>...#.....
#.......#..#.#.#††...######....
##......######.#.##.†## ##...
##.......P# #.#.####.# #...
#........#####.....#### #...
###.........##.....## #...
##.........##..^...# ....
#..........##....##.....
##..........##.@## .....
#............)##D# ....
#............. #Dh......
###......#..#.. .F.......
.†...###.###.............
.†....# ## ##............
.....P# ............ .<...##
............. ######
............(#


You could see a 16-headed hydra, an eight-headed hydra, a cane toad and a wolf.

Vanquished Creatures
  A two-headed ogre (D:11)
  A boulder beetle (Lair:1)
  A black mamba (Lair:1)
  5 cane toads (Lair:1)
  A rime drake (Lair:1)
  An unseen horror (D:10)
  3 komodo dragons
  A troll (D:9)
  Sigmund (D:5)
  22 yaks
  2 culicivoras (Lair:2)
  A shadow (D:9)
  2 steam dragons
  2 vampire mosquitoes (D:10)
  4 water moccasins
  4 orc warriors
  2 black bears
  2 sky beasts (D:7)
  An ogre (D:5)
  3 centaurs
  2 wolves (Lair:2)
  7 bullfrogs
  3 kobold brigands
  2 scorpions
  A howler monkey (D:10)
  2 bombardier beetles
  6 hounds
  A gnoll bouda (D:9)
  A jelly (D:4)
  8 orc priests
  A sleepcap (D:8)
  3 iguanas
  8 orc wizards
  7 gnolls
  5 adders
  A shadow imp (D:7)
  3 white imps
  3 dart slugs (D:1)
  A ribbon worm (D:2)
  29 orcs
  5 ball pythons
  10 endoplasms
  3 giant cockroaches
  6 goblins
  4 hobgoblins
  6 quokkas
  6 bats
  6 frilled lizards
  12 kobolds
  3 rats
215 creatures vanquished.

Vanquished Creatures (collateral kills)
  A yak (D:9)
1 creature vanquished.

Vanquished Creatures (others)
  A yak (D:9)
1 creature vanquished.

Grand Total: 217 creatures vanquished

Notes
Turn   | Place    | Note
-------+----------+-------------------------------------------
     0 | D:1      | jasper the Ghoul Fighter began the quest for the Orb.
     0 | D:1      | Reached XP level 1. HP: 19/19 MP: 1/1
   164 | D:1      | Reached skill level 2 in Axes
   187 | D:1      | Reached XP level 2. HP: 21/26 MP: 2/2
   587 | D:1      | Reached XP level 3. HP: 31/31 MP: 3/3
  1403 | D:2      | Reached XP level 4. HP: 33/40 MP: 4/4
  1411 | D:2      | Found a faded altar of an unknown god.
  1419 | D:2      | Got Plato's Catalogue of the Wyrd
  1755 | D:2      | Reached skill level 3 in Axes
  1981 | D:3      | Found Terri's Armour Shop.
  2002 | D:3      | Bought a +0 kite shield for 45 gold pieces
  2002 | D:3      | Bought a +0 cloak for 45 gold pieces
  2069 | D:3      | You fall into a shaft and drop 1 floor!
  2128 | D:4      | Reached XP level 5. HP: 41/46 MP: 5/5
  2382 | D:4      | Reached XP level 6. HP: 47/53 MP: 6/6
  2405 | D:4      | Noticed a black bear
  2419 | D:4      | Killed a black bear
  2420 | D:4      | Reached skill level 4 in Axes
  3152 | D:5      | Entered Level 5 of the Dungeon
  3546 | D:5      | Reached XP level 7. HP: 38/60 MP: 7/7
  3874 | D:5      | Reached skill level 5 in Fighting
  4146 | D:5      | Noticed Sigmund
  4160 | D:5      | Killed Sigmund
  4161 | D:5      | Reached skill level 5 in Axes
  4277 | D:5      | Reached XP level 8. HP: 56/69 MP: 8/8
  4902 | D:6      | Found a radiant altar of Vehumet.
  4977 | D:6      | Found a stormy altar of Qazlal.
  5452 | D:6      | Reached skill level 6 in Axes
  5921 | D:7      | Found a staircase to the Ecumenical Temple.
  5927 | Temple   | Entered the Ecumenical Temple
  5932 | Temple   | Became a worshipper of Makhleb the Destroyer
  5973 | D:7      | Reached skill level 5 in Armour
  6090 | D:7      | Reached skill level 5 in Shields
  6210 | D:7      | Reached XP level 9. HP: 53/77 MP: 9/9
  6242 | D:7      | Reached skill level 7 in Axes
  6277 | D:7      | Reached * piety under Makhleb
  6373 | D:7      | Found Ogguekhlaez's Assorted Antiques.
  6381 | D:7      | Bought a helmet for 103 gold pieces
  6381 | D:7      | Bought an encrusted lead wand for 92 gold pieces
  6922 | D:7      | Reached skill level 8 in Axes
  7592 | D:9      | Reached XP level 10. HP: 50/86 MP: 10/10
  8019 | D:9      | Got the Commentary on Shivering Peregrination
  8706 | D:10     | Entered Level 10 of the Dungeon
  8720 | D:10     | Reached skill level 9 in Axes
  8923 | D:10     | Reached ** piety under Makhleb
  9013 | D:10     | Found a staircase to the Lair.
  9218 | D:10     | Killed an unseen horror
  9361 | D:10     | Found a broken altar of Ashenzari.
  9910 | D:11     | Found a staircase to the Orcish Mines.
  9919 | D:11     | Noticed a two-headed ogre
  9932 | D:10     | Reached XP level 11. HP: 95/95 MP: 11/11
  9974 | D:11     | Noticed a two-headed ogre
  9987 | D:11     | Killed a two-headed ogre
  9988 | D:11     | Reached skill level 10 in Axes
 10118 | D:11     | Noticed a four-headed hydra
 10271 | Lair:1   | Entered Level 1 of the Lair of Beasts
 11006 | Lair:1   | Noticed a boulder beetle
 11032 | Lair:1   | Killed a boulder beetle
 11033 | Lair:1   | Reached skill level 11 in Axes
 11093 | Lair:1   | Noticed a catoblepas
 11093 | Lair:1   | Noticed a catoblepas
 11113 | Lair:1   | Found a runed translucent door.
 11574 | Lair:2   | Found a hole to the Spider Nest.
 11717 | Lair:2   | Noticed a seven-headed hydra
 11733 | Lair:2   | Noticed an eight-headed hydra
 11735 | Lair:2   | HP: 2/99 [14-headed hydra (8)]
 11737 | Lair:2   | Slain by a 16-headed hydra

Illustrated notes

Levels and vault maps discovered:
D:1:      dpeg_arrival_boxes_within_box, layout_basic, serial_forest,
          infiniplex_forest_straight_5, infiniplex_forest_clump_tiny,
          infiniplex_forest_clump_curved, infiniplex_forest_clump_tiny,
          infiniplex_forest_lined_corner, infiniplex_forest_lined_room_,
          infiniplex_forest_lined_ring, infiniplex_forest_clump_small,
          infiniplex_forest_straight_4, infiniplex_forest_clump_double
D:2:      layout_basic, shapermc_ecumenical_altar_rom_forum, serial_bayou_ford_a
D:3:      layout_rooms, serial_shops, nicolae_shop_hallway_stairs
D:4:      layout_cave_pools, grunt_ministairs_8
D:5:      layout_layer_cave, uniq_sigmund
D:6:      layout_basic, mainiacjoe_overflow_small_starburst,
          mainiacjoe_overflow_cross_hatched, dk_vineyard_2
D:7:      layout_cave_pools, minmay_temple_entry_hall, serial_shops,
          nicolae_shop_overgrown_old_shop
D:8:      layout_basic
D:9:      layout_loops_ring
D:10:     layout_long_grid, mainiacjoe_overflow_surrounded_room,
          lair_entry_dummy
D:11:     layout_roguey, david_orc_3
Temple:   hellmonk_temple_of_storms
Lair:1:   gammafunk_lair_enchanted_lake, layout_chaotic_city,
          serial_bayou_lagoon_a
Lair:2:   layout_cellular_growth, hellmonk_spider_entry_life_and_decay,
          grunt_megastairs_4, uniq_nergalle

Skill      XL: |  1  2  3  4  5  6  7  8  9 10 11 |
---------------+----------------------------------+-----
Axes           | 2 3 4 5 6 8 9 11 | 11.1
Armour         | 3 4 5 6 7 8 |  8.3
Shields        | 3 4 5 6 7 8 |  8.1
Fighting       | 4 5 6 7 8 9 |  9.9

Action                     |  1- 3 |  4- 6 |  7- 9 | 10-12 || total
---------------------------+-------+-------+-------+-------++-------
  Melee: War axe           |   106 |   111 |   307 |   453 ||   977
  Throw: Boomerang         |     7 |    22 |     7 |     1 ||    37
         Dart              |       |     4 |     2 |     1 ||     7
         Throwing net      |       |       |       |     2 ||     2
  Evoke: Wand              |       |       |       |     4 ||     4
    Use: Scroll            |     2 |     8 |     9 |     7 ||    26
         Potion            |       |     2 |       |     3 ||     5
 Armour: Scale mail        |    46 |       |       |       ||    46
         Chain mail        |    40 |   106 |   168 |       ||   314
         Plate armour      |       |       |   124 |   506 ||   630
  Dodge: Dodged            |    48 |    42 |   100 |   132 ||   322
  Block: Buckler           |    21 |     2 |       |       ||    23
         Kite shield       |       |    40 |   166 |   209 ||   415

Table legend: (Time is in decaauts)
 A = Elapsed time spent in this place.
 B = Non-inter-level travel time spent in this place.
 C = Inter-level travel time spent in this place.
 D = Time resting spent in this place.
 E = Time spent auto-exploring this place.
 F = Levels seen in this place.
 G = Mean time per level.
                   A        B        C        D        E       F      G
               +--------+--------+--------+--------+--------+-----+--------+
         Total |  12056 |  11507 |    549 |    828 |   8028 |  14 |  861.1 |
       Dungeon |  10516 |  10049 |    467 |    824 |   7007 |  11 |  956.0 |
        Temple |     10 |      6 |      4 |      0 |      0 |   1 |   10.0 |
          Lair |   1528 |   1450 |     78 |      4 |   1020 |   2 |  764.0 |
               +--------+--------+--------+--------+--------+-----+--------+

Top non-repeatable levels by time:
     D:5: 1597 daAuts
  Lair:1: 1265 daAuts
    D:10: 1222 daAuts
     D:9: 1096 daAuts
     D:1: 1090 daAuts
     D:6: 1057 daAuts
     D:8: 953 daAuts
     D:2: 935 daAuts
     D:4: 869 daAuts
     D:7: 785 daAuts
     D:3: 543 daAuts
    D:11: 366 daAuts
  Lair:2: 263 daAuts
  Temple: 10 daAuts
